Canadiens vs Blue Jackets
(R2)
Created - 7 janvier 2014 at 19:04
Goals
|
| Canadiens |
0 |
2 |
2 |
4 |
| Blue Jackets |
0 |
3 |
0 |
3 |
|
Shots
|
| Canadiens |
6 |
10 |
20 |
36 |
| Blue Jackets |
8 |
16 |
11 |
35 |
|
1st period
No Goal
Penalties :
Yan Stastny (Mon) for Tripping (Minor) at 2:41, Michel Ouellet (Mon) for Slashing (Minor) at 8:14, A.J Thelen (Clb) for Hooking (Minor) at 12:14
2nd period
1. Blue Jackets , Derek Morris 2 (David Booth, Kevin Bieksa) at 1:18 (PP)
2. Canadiens , Radim Vrbata 14 (Patrick Marleau) at 1:37 (PP)
3. Canadiens , Nicklas Lidstrom 4 (Patrick Marleau, Matt Carle) at 4:29 (PP)
4. Blue Jackets , Pavel Bure 12 (Wade Redden, Miika Kiprusoff) at 14:12 (PP)
5. Blue Jackets , Marc Savard 22 (Pavel Bure) at 15:02 (PP)
Penalties :
Mike York (Mon) for Hooking (Minor) at 0:17, Wade Redden (Clb) for Hooking (Minor) at 1:31, Marcus Nilson (Clb) for Hooking (Minor) at 4:01, Adam Deadmarsh (Clb) for Hooking (Minor) at 5:27, Chris Dingman (Mon) for Hooking (Minor) at 8:56, Marek Svatos (Mon) for Tripping (Minor) at 13:58, Marek Svatos (Mon) for Cross-checking (Minor) at 14:58
3rd period
6. Canadiens , Yan Stastny 3 (Ossi Vaananen, Patrick Marleau) at 11:04
7. Canadiens , Jeff Woywitka 4 (Radim Vrbata, Patrick Marleau) at 13:13 (PP)
Penalties :
Ladislav Nagy (Clb) for Hooking (Minor) at 1:03, Radim Vrbata (Mon) for Hooking (Minor) at 7:54, Jan Bulis (Clb) for Holding (Minor) at 11:44, Chris Dingman (Mon) for Hooking (Minor) at 18:45
Goalie Stats
Kari Lehtonen (Mon), 32 saves from 35 shots - (0,914), W, 16-9-1, 60:00 minutes
Miika Kiprusoff (Clb), 32 saves from 36 shots - (0,889), L, 15-12-2, 59:01 minutes
Players Stats for Canadiens
Player Name G A P +/- PIM S H SB GA TA FO MP PP MP PK MP
------------------------------------------------------------------------------------
Chris Dingman 0 0 0 0 4 2 2 0 0 0 0/0 12:19 0:03 0:52
Éric Desjardins 0 0 0 0 0 0 1 1 1 0 0/0 19:06 2:56 3:45
Jamie Lundmark 0 0 0 0 0 0 1 0 0 2 7/14 16:42 0:03 6:11
Jeff Woywitka 1 0 1 1 0 1 2 1 0 1 0/0 27:57 2:56 6:44
Joffrey Lupul 0 0 0 1 0 1 0 0 0 0 0/0 7:06 0:45 0:17
Marek Svatos 0 0 0 0 4 4 2 0 1 0 1/3 20:10 3:05 2:10
Matt Carle 0 1 1 0 0 1 3 0 0 1 0/0 8:55 5:04 0:00
Michel Ouellet 0 0 0 0 2 3 0 1 1 0 0/0 16:09 0:53 5:00
Mike York 0 0 0 0 2 3 1 1 2 0 1/2 17:15 3:05 0:00
Nicklas Lidstrom 1 0 1 0 0 4 1 1 2 0 0/0 24:01 4:13 0:00
Ossi Vaananen 0 1 1 1 0 1 0 0 0 0 0/0 15:52 0:00 6:44
Patric Hornqvist 0 0 0 0 0 2 0 0 0 0 0/0 4:53 0:42 0:00
Patrick Marleau 0 4 4 1 0 5 0 0 1 0 2/3 15:23 4:10 0:00
Radim Vrbata 1 1 2 0 2 1 0 3 0 0 1/3 19:10 4:02 2:48
Tomas Kloucek 0 0 0 0 0 1 2 2 0 0 0/0 8:35 0:51 0:00
Tyler Sloan 0 0 0 0 0 0 0 1 0 0 0/0 15:34 0:00 3:45
Viktor Kozlov 0 0 0 0 0 4 5 0 0 0 10/23 24:37 3:05 3:40
Yan Stastny 1 0 1 1 2 3 1 0 1 0 8/19 15:39 4:07 0:00
Players Stats for Blue Jackets
Player Name G A P +/- PIM S H SB GA TA FO MP PP MP PK MP
------------------------------------------------------------------------------------
A.J Thelen 0 0 0 0 2 0 1 0 0 0 0/0 10:43 0:00 0:06
Adam Deadmarsh 0 0 0 0 2 0 2 0 0 0 0/0 11:51 0:00 0:00
Andrew Ebbett 0 0 0 0 0 2 0 0 0 0 3/5 12:35 0:20 0:19
Blake Wheeler 0 0 0 0 0 2 3 1 1 1 1/2 17:31 4:14 0:00
Branislav Mezei 0 0 0 0 0 1 2 2 0 2 0/0 26:48 6:16 3:14
Dave Steckel 0 0 0 -1 0 1 0 0 0 0 1/1 6:46 0:00 0:00
David Booth 0 1 1 0 0 3 2 0 0 2 2/6 23:14 6:15 3:13
Derek Morris 1 0 1 -1 0 2 1 2 0 0 0/0 21:31 4:13 3:14
Jan Bulis 0 0 0 0 2 2 2 0 0 0 8/11 15:05 4:14 1:30
Jason Ward 0 0 0 -1 0 1 1 0 2 0 0/0 8:26 0:00 1:40
Kevin Bieksa 0 1 1 -1 0 2 3 2 0 1 0/0 23:33 4:13 4:46
Ladislav Nagy 0 0 0 0 2 2 2 0 1 0 0/0 12:07 0:00 0:16
Marc Savard 1 0 1 0 0 7 2 0 0 0 21/40 24:17 6:15 4:31
Marcus Nilson 0 0 0 0 2 1 0 0 0 1 0/0 13:20 4:14 0:00
Pavel Bure 1 1 2 0 0 6 1 1 0 2 1/2 19:43 5:55 4:31
Shaone Morrisonn 0 0 0 0 0 0 0 1 0 0 0/0 9:39 0:00 0:00
Tomas Kurka 0 0 0 -1 0 0 1 0 0 0 0/0 6:46 0:00 0:00
Wade Redden 0 1 1 0 2 3 0 2 0 0 0/0 27:59 6:16 4:40
3 Stars
1 - Patrick Marleau (Mon)
2 - Pavel Bure (Clb)
3 - Jeff Woywitka (Mon)
Power Play
Canadiens - 3 on 6 Attempt(s) - 50,00%
Blue Jackets - 3 on 8 Attempt(s) - 37,50%
Penalty Kill
Canadiens - 5 on 8 Attempt(s) - 62,50%
- Score 0 goal in Penalty Kill
Blue Jackets - 3 on 6 Attempt(s) - 50,00%
- Score 0 goal in Penalty Kill
Official
Referees : Watson Brad and StPierre Justin
Linesman : Jean Morin and Mark Wheler
Game Notes
No Game Note
Finance
Level 1 -- Attendance: 4845 (80,75%) -- Ticket Income 436 050 $
Level 2 -- Attendance: 3664 (73,28%) -- Ticket Income 201 520 $
Level 3 -- Attendance: 1970 (98,50%) -- Ticket Income 59 100 $
Level 4 -- Attendance: 3409 (85,23%) -- Ticket Income 68 180 $
Luxury Box -- Attendance: 710 (71,00%) -- Ticket Income 131 350 $
Game was played at the Ohio State Arena
Total Attendance: 14598 (81,10%)
Total Ticket Income: 896 200 $
Other Income: 134 430 $
Total Income: 1 030 630 $
Canadiens
5 vs 5 Forward
Center Left Wing Right Wing Time % Phy DF OF
1 Viktor Kozlov Mike York Marek Svatos 40 2 1 2
2 Yan Stastny Patrick Marleau Radim Vrbata 30 1 2 2
3 Jamie Lundmark Chris Dingman Michel Ouellet 20 1 3 1
4 Viktor Kozlov Joffrey Lupul Patric Hornqvist 10 0 1 4
5 vs 5 Defense
Defense Defense Time % Phy DF OF
1 Nicklas Lidstrom Jeff Woywitka 40 0 4 1
2 Éric Desjardins Tyler Sloan 30 1 3 1
3 Tomas Kloucek Ossi Vaananen 20 1 3 1
4 Nicklas Lidstrom Matt Carle 10 0 2 3
PowerPlay Forward
Center Left Wing Right Wing Time % Phy DF OF
1 Yan Stastny Patrick Marleau Radim Vrbata 60 1 1 3
2 Viktor Kozlov Mike York Marek Svatos 40 2 0 3
PowerPlay Defense
Defense Defense Time % Phy DF OF
1 Nicklas Lidstrom Matt Carle 60 0 1 4
2 Éric Desjardins Jeff Woywitka 40 0 3 2
Penalty Kill 4 Players Forward
Center Wing Time % Phy DF OF
1 Jamie Lundmark Michel Ouellet 60 0 4 1
2 Viktor Kozlov Radim Vrbata 40 1 4 0
Penalty Kill 4 Players Defense
Defense Defense Time % Phy DF OF
1 Ossi Vaananen Jeff Woywitka 60 0 5 0
2 Éric Desjardins Tyler Sloan 40 0 5 0
Penalty Kill - 3 Players Forward
Forward Time % Phy DF OF
1 Jamie Lundmark 60 0 5 0
2 Viktor Kozlov 40 1 2 0
Penalty Kill - 3 Players Defense
Defense Defense Time % Phy DF OF
1 Ossi Vaananen Jeff Woywitka 60 0 5 0
2 Éric Desjardins Tyler Sloan 40 0 5 0
4 vs 4 Forward
Center Wing Time % Phy DF OF
1 Viktor Kozlov Patrick Marleau 60 1 2 2
2 Yan Stastny Marek Svatos 40 1 2 2
4 vs 4 Defense
Defense Defense Time % Phy DF OF
1 Nicklas Lidstrom Matt Carle 60 0 2 3
2 Tomas Kloucek Tyler Sloan 40 1 4 0
Last Minutes Offensive
Center Left Wing Right Wing Defense Defense
Viktor Kozlov Patrick Marleau Marek Svatos Nicklas Lidstrom Jeff Woywitka
Last Minutes Defensive
Center Left Wing Right Wing Defense Defense
Viktor Kozlov Patrick Marleau Marek Svatos Éric Desjardins Jeff Woywitka
Goaltenders
Starting : Kari Lehtonen
Backup : Mikael Tellqvist
Extra Forwards
Normal : Radim Vrbata, Joffrey Lupul, Mike York - PP : Michel Ouellet, Joffrey Lupul - PK : Marek Svatos
Extra Defensemen
Normal : Tomas Kloucek, Matt Carle, Nicklas Lidstrom - PP : Tomas Kloucek - PK : Matt Carle, Nicklas Lidstrom
Penalty Shots
Patrick Marleau, Joffrey Lupul, Viktor Kozlov, Marek Svatos, Mike York
Blue Jackets
5 vs 5 Forward
Center Left Wing Right Wing Time % Phy DF OF
1 Marc Savard David Booth Blake Wheeler 40 1 2 2
2 Jan Bulis Marcus Nilson Pavel Bure 30 1 2 2
3 Andrew Ebbett Ladislav Nagy Adam Deadmarsh 20 1 2 2
4 Dave Steckel Tomas Kurka Jason Ward 10 1 2 2
5 vs 5 Defense
Defense Defense Time % Phy DF OF
1 Wade Redden Branislav Mezei 40 1 3 1
2 Kevin Bieksa Derek Morris 30 1 2 2
3 Shaone Morrisonn A.J Thelen 20 1 2 2
4 Wade Redden Kevin Bieksa 10 1 2 2
PowerPlay Forward
Center Left Wing Right Wing Time % Phy DF OF
1 Marc Savard David Booth Pavel Bure 60 1 2 2
2 Jan Bulis Marcus Nilson Blake Wheeler 40 1 2 2
PowerPlay Defense
Defense Defense Time % Phy DF OF
1 Wade Redden Branislav Mezei 60 1 2 2
2 Kevin Bieksa Derek Morris 40 1 2 2
Penalty Kill 4 Players Forward
Center Wing Time % Phy DF OF
1 Marc Savard Pavel Bure 60 1 2 2
2 Jan Bulis David Booth 40 1 2 2
Penalty Kill 4 Players Defense
Defense Defense Time % Phy DF OF
1 Wade Redden Kevin Bieksa 60 1 2 2
2 Branislav Mezei Derek Morris 40 1 2 2
Penalty Kill - 3 Players Forward
Forward Time % Phy DF OF
1 Marc Savard 60 1 2 2
2 Pavel Bure 40 1 2 2
Penalty Kill - 3 Players Defense
Defense Defense Time % Phy DF OF
1 Wade Redden Kevin Bieksa 60 1 2 2
2 Branislav Mezei Derek Morris 40 1 2 2
4 vs 4 Forward
Center Wing Time % Phy DF OF
1 Marc Savard Pavel Bure 60 1 2 2
2 Jan Bulis David Booth 40 1 2 2
4 vs 4 Defense
Defense Defense Time % Phy DF OF
1 Wade Redden Kevin Bieksa 60 1 2 2
2 Branislav Mezei Derek Morris 40 1 2 2
Last Minutes Offensive
Center Left Wing Right Wing Defense Defense
Marc Savard David Booth Pavel Bure Wade Redden Kevin Bieksa
Last Minutes Defensive
Center Left Wing Right Wing Defense Defense
Marc Savard David Booth Pavel Bure Wade Redden Kevin Bieksa
Goaltenders
Starting : Miika Kiprusoff
Backup : Jaroslav Halak
Extra Forwards
Normal : Andrew Ebbett, Ladislav Nagy, Jason Ward - PP : Andrew Ebbett, Ladislav Nagy - PK : Jason Ward
Extra Defensemen
Normal : Shaone Morrisonn, A.J Thelen, Branislav Mezei - PP : Shaone Morrisonn - PK : A.J Thelen, Branislav Mezei
Penalty Shots
Marc Savard, Pavel Bure, Jan Bulis, David Booth, Marcus Nilson
% Time on Ice - Canadiens
Lines # - Real PCT - Wanted PCT - Time Play
Normal Forward
1 - 36% - 40% - 14:46
2 - 31% - 30% - 12:45
3 - 25% - 20% - 10:14
4 - 9% - 10% - 3:46
Normal Defense
1 - 42% - 40% - 17:17
2 - 31% - 30% - 12:49
3 - 19% - 20% - 7:44
4 - 9% - 10% - 3:41
PP Forward
1 - 57% - 60% - 4:33
2 - 43% - 40% - 3:27
PP Defense
1 - 63% - 60% - 5:04
2 - 37% - 40% - 2:56
PK Forward
1 - 66% - 60% - 6:52
2 - 34% - 40% - 3:37
PK Defense
1 - 64% - 60% - 6:44
2 - 36% - 40% - 3:45
PK3 Forward
1 - 0% - 60%
2 - 0% - 40%
PK3 Defense
1 - 0% - 60%
2 - 0% - 40%
44 Forward
1 - 0% - 60%
2 - 0% - 40%
44 Defense
1 - 0% - 60%
2 - 0% - 40%
Last Minute Offensive - 0:00
Last Minute Defensive - 0:00
Total
Forward - 60:00
Defense - 60:00
|
% Time on Ice - Blue Jackets
Lines # - Real PCT - Wanted PCT - Time Play
Normal Forward
1 - 33% - 40% - 13:33
2 - 23% - 30% - 9:22
3 - 29% - 20% - 11:50
4 - 16% - 10% - 6:46
Normal Defense
1 - 39% - 40% - 16:12
2 - 34% - 30% - 14:04
3 - 23% - 20% - 9:39
4 - 4% - 10% - 1:36
PP Forward
1 - 60% - 60% - 6:15
2 - 40% - 40% - 4:14
PP Defense
1 - 60% - 60% - 6:16
2 - 40% - 40% - 4:13
PK Forward
1 - 74% - 60% - 5:57
2 - 26% - 40% - 2:03
PK Defense
1 - 60% - 60% - 4:46
2 - 40% - 40% - 3:14
PK3 Forward
1 - 0% - 60%
2 - 0% - 40%
PK3 Defense
1 - 0% - 60%
2 - 0% - 40%
44 Forward
1 - 0% - 60%
2 - 0% - 40%
44 Defense
1 - 0% - 60%
2 - 0% - 40%
Last Minute Offensive - 0:00
Last Minute Defensive - 0:00
Total
Forward - 60:00
Defense - 60:00
|
Play by Play
1st period
0:01 of 1st period - Mike York wins face-off versus Marc Savard in neutral zone.
0:06 of 1st period - Wrist shot by Nicklas Lidstrom.
0:06 of 1st period - Stopped by Miika Kiprusoff without a rebound.
0:07 of 1st period - Marc Savard wins face-off versus Viktor Kozlov in Blue Jackets zone.
0:50 of 1st period - Wrist shot by Marek Svatos.
0:50 of 1st period - Shot Misses the Net.
0:52 of 1st period - Snap shot by Marek Svatos.
0:52 of 1st period - Stopped by Miika Kiprusoff with a rebound.
0:54 of 1st period - Backhand shot by Nicklas Lidstrom.
0:54 of 1st period - Shot Misses the Net.
0:56 of 1st period - Slapshot by Jeff Woywitka.
0:56 of 1st period - Shot Misses the Net.
0:58 of 1st period - Slapshot by Nicklas Lidstrom.
0:58 of 1st period - Shot Misses the Net.
1:06 of 1st period - Snap shot by Marek Svatos.
1:06 of 1st period - Stopped by Miika Kiprusoff without a rebound.
1:07 of 1st period - Yan Stastny wins face-off versus Jan Bulis in Blue Jackets zone.
2:17 of 1st period - Slapshot by Pavel Bure.
2:17 of 1st period - Shot Blocked by Tomas Kloucek.
2:27 of 1st period - Ossi Vaananen is hit by Kevin Bieksa and loses puck.
2:41 of 1st period - Minor Penalty to Yan Stastny for Tripping.
2:42 of 1st period - Marc Savard wins face-off versus Jamie Lundmark in Canadiens zone.
2:47 of 1st period - Slapshot by Pavel Bure.
2:47 of 1st period - Stopped by Kari Lehtonen with a rebound.
2:49 of 1st period - Slapshot by Branislav Mezei.
2:49 of 1st period - Shot Misses the Net.
2:51 of 1st period - Slapshot by Branislav Mezei.
2:51 of 1st period - Deflect By Pavel Bure.
2:51 of 1st period - Shot Misses the Net.
2:51 of 1st period - Puck is out of play.
2:52 of 1st period - Marc Savard wins face-off versus Jamie Lundmark in Canadiens zone.
2:59 of 1st period - Snap shot by Pavel Bure.
2:59 of 1st period - Stopped by Kari Lehtonen without a rebound.
3:00 of 1st period - Jamie Lundmark wins face-off versus Marc Savard in Canadiens zone.
3:06 of 1st period - Off-side.
3:07 of 1st period - Marc Savard wins face-off versus Jamie Lundmark in neutral zone.
3:16 of 1st period - Slapshot by Pavel Bure.
3:16 of 1st period - Stopped by Kari Lehtonen without a rebound.
3:17 of 1st period - Jamie Lundmark wins face-off versus Marc Savard in Canadiens zone.
4:41 of 1st period - Penalty to Yan Stastny is over, Yan Stastny is back on ice.
6:39 of 1st period - Branislav Mezei is hit by Matt Carle and loses puck.
6:52 of 1st period - Michel Ouellet is hit by Blake Wheeler and loses puck.
7:11 of 1st period - Shaone Morrisonn is hit by Tomas Kloucek and loses puck.
7:49 of 1st period - Jeff Woywitka is hit by Adam Deadmarsh and loses puck.
8:12 of 1st period - Wade Redden is hit by Tomas Kloucek and loses puck.
8:14 of 1st period - Minor Penalty to Michel Ouellet for Slashing.
8:15 of 1st period - Marc Savard wins face-off versus Marek Svatos in Canadiens zone.
8:26 of 1st period - Wrist shot by Pavel Bure.
8:26 of 1st period - Stopped by Kari Lehtonen without a rebound.
8:27 of 1st period - Jamie Lundmark wins face-off versus Marc Savard in Canadiens zone.
10:14 of 1st period - Penalty to Michel Ouellet is over, Michel Ouellet is back on ice.
12:13 of 1st period - Éric Desjardins is hit by Marc Savard.
12:14 of 1st period - Minor Penalty to A.J Thelen for Hooking.
12:15 of 1st period - Patrick Marleau wins face-off versus Marc Savard in Blue Jackets zone.
12:40 of 1st period - Snap shot by Mike York.
12:40 of 1st period - Shot Blocked by Wade Redden.
13:54 of 1st period - Wade Redden is hit by Marek Svatos and loses puck.
14:14 of 1st period - Penalty to A.J Thelen is over, A.J Thelen is back on ice.
14:22 of 1st period - Wrist shot by Jan Bulis.
14:22 of 1st period - Stopped by Kari Lehtonen with a rebound.
14:53 of 1st period - Tomas Kloucek is hit by A.J Thelen and loses puck.
15:34 of 1st period - Wrist shot by Marcus Nilson.
15:34 of 1st period - Deflect By Pavel Bure.
15:34 of 1st period - Stopped by Kari Lehtonen with a rebound.
15:36 of 1st period - Wrist shot by Jan Bulis.
15:36 of 1st period - Shot Misses the Net.
15:38 of 1st period - Slapshot by Branislav Mezei.
15:38 of 1st period - Deflect By Pavel Bure.
15:38 of 1st period - Shot Misses the Net.
15:38 of 1st period - Puck is out of play.
15:39 of 1st period - Yan Stastny wins face-off versus Pavel Bure in Canadiens zone.
16:21 of 1st period - Snap shot by Marcus Nilson.
16:21 of 1st period - Shot Blocked by Nicklas Lidstrom.
16:40 of 1st period - Slapshot by Patrick Marleau.
16:40 of 1st period - Stopped by Miika Kiprusoff with a rebound.
16:46 of 1st period - Snap shot by Marc Savard.
16:46 of 1st period - Stopped by Kari Lehtonen without a rebound.
16:47 of 1st period - Viktor Kozlov wins face-off versus David Booth in Canadiens zone.
16:56 of 1st period - David Booth is hit by Viktor Kozlov.
17:37 of 1st period - Slapshot by Michel Ouellet.
17:37 of 1st period - Stopped by Miika Kiprusoff with a rebound.
17:39 of 1st period - Snap shot by Chris Dingman.
17:39 of 1st period - Stopped by Miika Kiprusoff without a rebound.
17:40 of 1st period - David Booth wins face-off versus Viktor Kozlov in Blue Jackets zone.
17:40 of 1st period - David Booth is hit by Mike York.
18:31 of 1st period - Jamie Lundmark is hit by Kevin Bieksa and loses puck.
18:42 of 1st period - Kevin Bieksa is hit by Chris Dingman and loses puck.
18:57 of 1st period - Wrist shot by Marc Savard.
18:57 of 1st period - Stopped by Kari Lehtonen with a rebound.
19:17 of 1st period - Slapshot by Patrick Marleau.
19:17 of 1st period - Deflect By Yan Stastny.
19:17 of 1st period - Shot Misses the Net.
19:17 of 1st period - Puck is out of play.
19:18 of 1st period - Jan Bulis wins face-off versus Yan Stastny in Blue Jackets zone.
19:18 of 1st period - Jan Bulis is hit by Jeff Woywitka.
19:25 of 1st period - Icing by Jan Bulis.
19:26 of 1st period - Jan Bulis wins face-off versus Marek Svatos in Blue Jackets zone.
19:26 of 1st period - Jan Bulis is hit by Viktor Kozlov.
19:31 of 1st period - Off-side.
19:32 of 1st period - Viktor Kozlov wins face-off versus Marc Savard in neutral zone.
19:47 of 1st period - Snap shot by Mike York.
19:47 of 1st period - Shot Misses the Net.
19:59 of 1st period - Wade Redden is hit by Jamie Lundmark and loses puck.
2nd period
0:01 of 2nd period - Marc Savard wins face-off versus Viktor Kozlov in neutral zone.
0:17 of 2nd period - Minor Penalty to Mike York for Hooking.
0:18 of 2nd period - Jamie Lundmark wins face-off versus David Booth in Canadiens zone.
0:49 of 2nd period - Snap shot by Viktor Kozlov.
0:49 of 2nd period - Stopped by Miika Kiprusoff without a rebound.
0:50 of 2nd period - Viktor Kozlov wins face-off versus Marc Savard in Blue Jackets zone.
1:04 of 2nd period - Icing by Kevin Bieksa.
1:05 of 2nd period - Marc Savard wins face-off versus Jamie Lundmark in Blue Jackets zone.
1:14 of 2nd period - Slapshot by Kevin Bieksa.
1:14 of 2nd period - Deflect By Michel Ouellet.
1:14 of 2nd period - Stopped by Kari Lehtonen with a rebound.
1:16 of 2nd period - Snap shot by David Booth.
1:16 of 2nd period - Shot Blocked by Jeff Woywitka.
1:18 of 2nd period - Wrist shot by Derek Morris.
1:18 of 2nd period - Goal by Derek Morris - Canadiens : 0 - Blue Jackets : 1.
1:19 of 2nd period - Viktor Kozlov wins face-off versus David Booth in neutral zone.
1:31 of 2nd period - Minor Penalty to Wade Redden for Hooking.
1:32 of 2nd period - Marc Savard wins face-off versus Yan Stastny in Blue Jackets zone.
1:37 of 2nd period - Slapshot by Radim Vrbata.
1:37 of 2nd period - Goal by Radim Vrbata - Canadiens : 1 - Blue Jackets : 1.
1:38 of 2nd period - Marc Savard wins face-off versus Viktor Kozlov in neutral zone.
1:38 of 2nd period - Blake Wheeler is hit by Viktor Kozlov and loses puck.
2:24 of 2nd period - Icing by David Booth.
2:25 of 2nd period - Marc Savard wins face-off versus Mike York in Blue Jackets zone.
2:25 of 2nd period - Marc Savard is hit by Viktor Kozlov.
2:35 of 2nd period - Wrist shot by Blake Wheeler.
2:35 of 2nd period - Stopped by Kari Lehtonen without a rebound.
2:36 of 2nd period - Pavel Bure wins face-off versus Viktor Kozlov in Canadiens zone.
2:43 of 2nd period - Slapshot by Marcus Nilson.
2:43 of 2nd period - Stopped by Kari Lehtonen without a rebound.
2:44 of 2nd period - Jan Bulis wins face-off versus Viktor Kozlov in Canadiens zone.
2:47 of 2nd period - Slapshot by Jan Bulis.
2:47 of 2nd period - Shot Blocked by Mike York.
2:49 of 2nd period - Slapshot by Derek Morris.
2:49 of 2nd period - Shot Misses the Net.
3:18 of 2nd period - Off-side.
3:19 of 2nd period - Yan Stastny wins face-off versus Marc Savard in neutral zone.
4:01 of 2nd period - Minor Penalty to Marcus Nilson for Hooking.
4:02 of 2nd period - Yan Stastny wins face-off versus Marc Savard in Blue Jackets zone.
4:07 of 2nd period - Wrist shot by Patrick Marleau.
4:07 of 2nd period - Stopped by Miika Kiprusoff with a rebound.
4:09 of 2nd period - Snap shot by Patrick Marleau.
4:09 of 2nd period - Shot Misses the Net.
4:11 of 2nd period - Snap shot by Patrick Marleau.
4:11 of 2nd period - Deflect By Yan Stastny.
4:11 of 2nd period - Shot Misses the Net.
4:11 of 2nd period - Puck is out of play.
4:12 of 2nd period - Yan Stastny wins face-off versus Marc Savard in Blue Jackets zone.
4:19 of 2nd period - Slapshot by Radim Vrbata.
4:19 of 2nd period - Shot Misses the Net.
4:21 of 2nd period - Wrist shot by Yan Stastny.
4:21 of 2nd period - Stopped by Miika Kiprusoff with a rebound.
4:23 of 2nd period - Snap shot by Nicklas Lidstrom.
4:23 of 2nd period - Shot Misses the Net.
4:25 of 2nd period - Wrist shot by Matt Carle.
4:25 of 2nd period - Deflect By Marc Savard.
4:25 of 2nd period - Stopped by Miika Kiprusoff with a rebound.
4:27 of 2nd period - Snap shot by Patrick Marleau.
4:27 of 2nd period - Stopped by Miika Kiprusoff with a rebound.
4:29 of 2nd period - Slapshot by Nicklas Lidstrom.
4:29 of 2nd period - Goal by Nicklas Lidstrom - Canadiens : 2 - Blue Jackets : 1.
4:30 of 2nd period - Viktor Kozlov wins face-off versus Marc Savard in neutral zone.
4:39 of 2nd period - Snap shot by David Booth.
4:39 of 2nd period - Stopped by Kari Lehtonen with a rebound.
4:41 of 2nd period - Backhand shot by Wade Redden.
4:41 of 2nd period - Stopped by Kari Lehtonen without a rebound.
4:42 of 2nd period - Marc Savard wins face-off versus Viktor Kozlov in Canadiens zone.
5:13 of 2nd period - Derek Morris is hit by Marek Svatos and loses puck.
5:27 of 2nd period - Minor Penalty to Adam Deadmarsh for Hooking.
5:28 of 2nd period - Marc Savard wins face-off versus Yan Stastny in Blue Jackets zone.
5:43 of 2nd period - Wrist shot by Patrick Marleau.
5:43 of 2nd period - Shot Blocked by Wade Redden.
7:27 of 2nd period - Penalty to Adam Deadmarsh is over, Adam Deadmarsh is back on ice.
7:32 of 2nd period - Snap shot by Ladislav Nagy.
7:32 of 2nd period - Shot Misses the Net.
7:56 of 2nd period - Marek Svatos is hit by Jason Ward and loses puck.
8:21 of 2nd period - Tyler Sloan is hit by Jan Bulis and loses puck.
8:56 of 2nd period - Minor Penalty to Chris Dingman for Hooking.
8:57 of 2nd period - Jan Bulis wins face-off versus Jamie Lundmark in Canadiens zone.
9:54 of 2nd period - Radim Vrbata is hit by Jan Bulis and loses puck.
10:56 of 2nd period - Penalty to Chris Dingman is over, Chris Dingman is back on ice.
11:13 of 2nd period - Wrist shot by Tomas Kurka.
11:13 of 2nd period - Deflect By Jason Ward.
11:13 of 2nd period - Stopped by Kari Lehtonen with a rebound.
11:15 of 2nd period - Slapshot by Branislav Mezei.
11:15 of 2nd period - Shot Hit the Post.
13:40 of 2nd period - Chris Dingman is hit by Ladislav Nagy and loses puck.
13:45 of 2nd period - Wrist shot by Andrew Ebbett.
13:45 of 2nd period - Stopped by Kari Lehtonen without a rebound.
13:46 of 2nd period - Marc Savard wins face-off versus Viktor Kozlov in Canadiens zone.
13:58 of 2nd period - Minor Penalty to Marek Svatos for Tripping.
13:59 of 2nd period - Viktor Kozlov wins face-off versus Marc Savard in Canadiens zone.
14:10 of 2nd period - Slapshot by Wade Redden.
14:10 of 2nd period - Stopped by Kari Lehtonen with a rebound.
14:12 of 2nd period - Snap shot by Pavel Bure.
14:12 of 2nd period - Goal by Pavel Bure - Canadiens : 2 - Blue Jackets : 2.
14:13 of 2nd period - Viktor Kozlov wins face-off versus David Booth in neutral zone.
14:13 of 2nd period - Viktor Kozlov is hit by David Booth.
14:19 of 2nd period - Snap shot by Mike York.
14:19 of 2nd period - Shot Misses the Net.
14:26 of 2nd period - Off-side.
14:27 of 2nd period - Viktor Kozlov wins face-off versus Marc Savard in neutral zone.
14:58 of 2nd period - Minor Penalty to Marek Svatos for Cross-checking.
14:59 of 2nd period - Marc Savard wins face-off versus Jamie Lundmark in Canadiens zone.
15:02 of 2nd period - Snap shot by Marc Savard.
15:02 of 2nd period - Goal by Marc Savard - Canadiens : 2 - Blue Jackets : 3.
15:03 of 2nd period - Marc Savard wins face-off versus Viktor Kozlov in neutral zone.
15:28 of 2nd period - Snap shot by Marcus Nilson.
15:28 of 2nd period - Shot Misses the Net.
16:13 of 2nd period - Snap shot by Blake Wheeler.
16:13 of 2nd period - Stopped by Kari Lehtonen with a rebound.
16:28 of 2nd period - Icing by David Booth.
16:29 of 2nd period - Dave Steckel wins face-off versus Patrick Marleau in Blue Jackets zone.
16:44 of 2nd period - Snap shot by Radim Vrbata.
16:44 of 2nd period - Shot Blocked by Derek Morris.
17:00 of 2nd period - Wrist shot by Marc Savard.
17:00 of 2nd period - Stopped by Kari Lehtonen with a rebound.
17:02 of 2nd period - Snap shot by Marc Savard.
17:02 of 2nd period - Shot Blocked by Radim Vrbata.
17:04 of 2nd period - Slapshot by Branislav Mezei.
17:04 of 2nd period - Deflect By Radim Vrbata.
17:04 of 2nd period - Stopped by Kari Lehtonen without a rebound.
17:05 of 2nd period - Marek Svatos wins face-off versus Marc Savard in Canadiens zone.
17:05 of 2nd period - Marek Svatos is hit by Blake Wheeler.
17:19 of 2nd period - Slapshot by Wade Redden.
17:19 of 2nd period - Stopped by Kari Lehtonen with a rebound.
17:43 of 2nd period - Slapshot by Branislav Mezei.
17:43 of 2nd period - Shot Blocked by Éric Desjardins.
17:45 of 2nd period - Wrist shot by Pavel Bure.
17:45 of 2nd period - Deflect By Jan Bulis.
17:45 of 2nd period - Stopped by Kari Lehtonen with a rebound.
17:55 of 2nd period - Wrist shot by Ladislav Nagy.
17:55 of 2nd period - Shot Blocked by Tyler Sloan.
18:09 of 2nd period - Slapshot by Patric Hornqvist.
18:09 of 2nd period - Stopped by Miika Kiprusoff with a rebound.
18:11 of 2nd period - Wrist shot by Viktor Kozlov.
18:11 of 2nd period - Shot Blocked by Shaone Morrisonn.
18:13 of 2nd period - Slapshot by Éric Desjardins.
18:13 of 2nd period - Deflect By Patric Hornqvist.
18:13 of 2nd period - Stopped by Miika Kiprusoff with a rebound.
18:15 of 2nd period - Slapshot by Viktor Kozlov.
18:15 of 2nd period - Stopped by Miika Kiprusoff with a rebound.
19:23 of 2nd period - Snap shot by Jason Ward.
19:23 of 2nd period - Shot Blocked by Michel Ouellet.
19:31 of 2nd period - Michel Ouellet is hit by Tomas Kurka and loses puck.
3rd period
0:01 of 3rd period - Marc Savard wins face-off versus Viktor Kozlov in neutral zone.
0:26 of 3rd period - Marek Svatos is hit by Adam Deadmarsh and loses puck.
0:33 of 3rd period - Snap shot by Marek Svatos.
0:33 of 3rd period - Shot Misses the Net.
0:41 of 3rd period - Slapshot by Mike York.
0:41 of 3rd period - Shot Blocked by Branislav Mezei.
0:45 of 3rd period - Wrist shot by Mike York.
0:45 of 3rd period - Stopped by Miika Kiprusoff with a rebound.
0:49 of 3rd period - Snap shot by Mike York.
0:49 of 3rd period - Shot Misses the Net.
0:51 of 3rd period - Snap shot by Viktor Kozlov.
0:51 of 3rd period - Stopped by Miika Kiprusoff with a rebound.
0:53 of 3rd period - Slapshot by Jeff Woywitka.
0:53 of 3rd period - Shot Misses the Net.
0:55 of 3rd period - Slapshot by Jeff Woywitka.
0:55 of 3rd period - Shot Misses the Net.
0:57 of 3rd period - Wrist shot by Viktor Kozlov.
0:57 of 3rd period - Shot Misses the Net.
0:59 of 3rd period - Slapshot by Jeff Woywitka.
0:59 of 3rd period - Shot Blocked by Branislav Mezei.
1:01 of 3rd period - Snap shot by Mike York.
1:01 of 3rd period - Deflect By Marek Svatos.
1:01 of 3rd period - Stopped by Miika Kiprusoff with a rebound.
1:03 of 3rd period - Slapshot by Nicklas Lidstrom.
1:03 of 3rd period - Stopped by Miika Kiprusoff without a rebound.
1:03 of 3rd period - Minor Penalty to Ladislav Nagy for Hooking.
1:04 of 3rd period - Marc Savard wins face-off versus Yan Stastny in Blue Jackets zone.
1:30 of 3rd period - Kevin Bieksa is hit by Matt Carle and loses puck.
2:23 of 3rd period - Jason Ward is hit by Matt Carle and loses puck.
2:34 of 3rd period - Matt Carle is hit by Derek Morris and loses puck.
3:03 of 3rd period - Penalty to Ladislav Nagy is over, Ladislav Nagy is back on ice.
3:19 of 3rd period - Snap shot by Chris Dingman.
3:19 of 3rd period - Shot Blocked by Derek Morris.
3:29 of 3rd period - Ladislav Nagy is hit by Chris Dingman and loses puck.
3:42 of 3rd period - Wrist shot by Dave Steckel.
3:42 of 3rd period - Stopped by Kari Lehtonen with a rebound.
3:46 of 3rd period - Snap shot by Jason Ward.
3:46 of 3rd period - Shot Hit the Post.
3:48 of 3rd period - Wrist shot by Dave Steckel.
3:48 of 3rd period - Shot Blocked by Tomas Kloucek.
4:01 of 3rd period - Off-side.
4:02 of 3rd period - Jan Bulis wins face-off versus Yan Stastny in neutral zone.
4:27 of 3rd period - A.J Thelen is hit by Jeff Woywitka and loses puck.
4:42 of 3rd period - Wrist shot by Ladislav Nagy.
4:42 of 3rd period - Stopped by Kari Lehtonen with a rebound.
5:51 of 3rd period - Slapshot by Nicklas Lidstrom.
5:51 of 3rd period - Stopped by Miika Kiprusoff with a rebound.
6:06 of 3rd period - Icing by Dave Steckel.
6:07 of 3rd period - Radim Vrbata wins face-off versus Andrew Ebbett in Blue Jackets zone.
6:10 of 3rd period - Slapshot by Mike York.
6:10 of 3rd period - Stopped by Miika Kiprusoff without a rebound.
6:11 of 3rd period - Andrew Ebbett wins face-off versus Radim Vrbata in Blue Jackets zone.
6:20 of 3rd period - Wrist shot by Mike York.
6:20 of 3rd period - Stopped by Miika Kiprusoff without a rebound.
6:21 of 3rd period - Viktor Kozlov wins face-off versus Marc Savard in Blue Jackets zone.
6:30 of 3rd period - Jeff Woywitka is hit by Kevin Bieksa and loses puck.
6:37 of 3rd period - Snap shot by Marc Savard.
6:37 of 3rd period - Stopped by Kari Lehtonen without a rebound.
6:38 of 3rd period - Jan Bulis wins face-off versus Yan Stastny in Canadiens zone.
7:33 of 3rd period - Off-side.
7:34 of 3rd period - Marc Savard wins face-off versus Yan Stastny in neutral zone.
7:39 of 3rd period - Slapshot by Derek Morris.
7:39 of 3rd period - Shot Blocked by Radim Vrbata.
7:41 of 3rd period - Snap shot by Marc Savard.
7:41 of 3rd period - Stopped by Kari Lehtonen with a rebound.
7:43 of 3rd period - Slapshot by Kevin Bieksa.
7:43 of 3rd period - Stopped by Kari Lehtonen without a rebound.
7:44 of 3rd period - Yan Stastny wins face-off versus Marc Savard in Canadiens zone.
7:51 of 3rd period - Snap shot by David Booth.
7:51 of 3rd period - Stopped by Kari Lehtonen with a rebound.
7:53 of 3rd period - Slapshot by Derek Morris.
7:53 of 3rd period - Stopped by Kari Lehtonen with a rebound.
7:54 of 3rd period - Minor Penalty to Radim Vrbata for Hooking.
7:55 of 3rd period - Jamie Lundmark wins face-off versus Marc Savard in Canadiens zone.
8:34 of 3rd period - Backhand shot by Viktor Kozlov.
8:34 of 3rd period - Stopped by Miika Kiprusoff without a rebound.
8:35 of 3rd period - David Booth wins face-off versus Jamie Lundmark in Blue Jackets zone.
9:44 of 3rd period - Jeff Woywitka is hit by Marc Savard and loses puck.
9:54 of 3rd period - Penalty to Radim Vrbata is over, Radim Vrbata is back on ice.
10:25 of 3rd period - Jeff Woywitka is hit by Ladislav Nagy and loses puck.
10:54 of 3rd period - Snap shot by Yan Stastny.
10:54 of 3rd period - Stopped by Miika Kiprusoff with a rebound.
10:56 of 3rd period - Wrist shot by Joffrey Lupul.
10:56 of 3rd period - Shot Blocked by Kevin Bieksa.
10:58 of 3rd period - Snap shot by Joffrey Lupul.
10:58 of 3rd period - Stopped by Miika Kiprusoff with a rebound.
11:00 of 3rd period - Snap shot by Patrick Marleau.
11:00 of 3rd period - Stopped by Miika Kiprusoff with a rebound.
11:02 of 3rd period - Wrist shot by Ossi Vaananen.
11:02 of 3rd period - Deflect By Kevin Bieksa.
11:02 of 3rd period - Stopped by Miika Kiprusoff with a rebound.
11:04 of 3rd period - Snap shot by Yan Stastny.
11:04 of 3rd period - Goal by Yan Stastny - Canadiens : 3 - Blue Jackets : 3.
11:05 of 3rd period - Marc Savard wins face-off versus Yan Stastny in neutral zone.
11:08 of 3rd period - Slapshot by Wade Redden.
11:08 of 3rd period - Deflect By David Booth.
11:08 of 3rd period - Shot Blocked by Radim Vrbata.
11:08 of 3rd period - Puck is out of play.
11:09 of 3rd period - Marc Savard wins face-off versus Yan Stastny in Canadiens zone.
11:31 of 3rd period - Icing by Éric Desjardins.
11:32 of 3rd period - Jan Bulis wins face-off versus Yan Stastny in Canadiens zone.
11:33 of 3rd period - Snap shot by Pavel Bure.
11:33 of 3rd period - Deflect By Tyler Sloan.
11:33 of 3rd period - Shot Misses the Net.
11:33 of 3rd period - Puck is out of play.
11:34 of 3rd period - Viktor Kozlov wins face-off versus Jan Bulis in Canadiens zone.
11:34 of 3rd period - Viktor Kozlov is hit by Pavel Bure.
11:42 of 3rd period - Marcus Nilson is hit by Éric Desjardins and loses puck.
11:44 of 3rd period - Minor Penalty to Jan Bulis for Holding.
11:45 of 3rd period - Yan Stastny wins face-off versus Marc Savard in Blue Jackets zone.
11:58 of 3rd period - Wrist shot by Radim Vrbata.
11:58 of 3rd period - Shot Misses the Net.
12:25 of 3rd period - Derek Morris is hit by Viktor Kozlov and loses puck.
12:42 of 3rd period - Mike York is hit by David Booth and loses puck.
12:49 of 3rd period - Jeff Woywitka is hit by Branislav Mezei and loses puck.
13:01 of 3rd period - Off-side.
13:02 of 3rd period - Marc Savard wins face-off versus Yan Stastny in neutral zone.
13:13 of 3rd period - Slapshot by Jeff Woywitka.
13:13 of 3rd period - Goal by Jeff Woywitka - Canadiens : 4 - Blue Jackets : 3.
13:14 of 3rd period - Blake Wheeler wins face-off versus Viktor Kozlov in neutral zone.
13:21 of 3rd period - Snap shot by Marc Savard.
13:21 of 3rd period - Stopped by Kari Lehtonen with a rebound.
13:27 of 3rd period - Snap shot by Mike York.
13:27 of 3rd period - Shot Blocked by Blake Wheeler.
13:29 of 3rd period - Slapshot by Marek Svatos.
13:29 of 3rd period - Stopped by Miika Kiprusoff without a rebound.
13:30 of 3rd period - Jan Bulis wins face-off versus Radim Vrbata in Blue Jackets zone.
13:36 of 3rd period - Off-side.
13:37 of 3rd period - Patrick Marleau wins face-off versus Jan Bulis in neutral zone.
13:40 of 3rd period - Branislav Mezei is hit by Nicklas Lidstrom and loses puck.
13:47 of 3rd period - Jeff Woywitka is hit by Branislav Mezei and loses puck.
14:16 of 3rd period - Snap shot by Patrick Marleau.
14:16 of 3rd period - Stopped by Miika Kiprusoff with a rebound.
15:49 of 3rd period - Wrist shot by Andrew Ebbett.
15:49 of 3rd period - Stopped by Kari Lehtonen without a rebound.
15:50 of 3rd period - Andrew Ebbett wins face-off versus Viktor Kozlov in Canadiens zone.
15:51 of 3rd period - Wrist shot by Ladislav Nagy.
15:51 of 3rd period - Stopped by Kari Lehtonen without a rebound.
15:52 of 3rd period - Andrew Ebbett wins face-off versus Viktor Kozlov in Canadiens zone.
17:16 of 3rd period - Jeff Woywitka is hit by Blake Wheeler and loses puck.
17:23 of 3rd period - Snap shot by David Booth.
17:23 of 3rd period - Stopped by Kari Lehtonen with a rebound.
17:49 of 3rd period - Wrist shot by Chris Dingman.
17:49 of 3rd period - Shot Misses the Net.
17:51 of 3rd period - Snap shot by Jamie Lundmark.
17:51 of 3rd period - Shot Blocked by Pavel Bure.
17:53 of 3rd period - Wrist shot by Jamie Lundmark.
17:53 of 3rd period - Deflect By Michel Ouellet.
17:53 of 3rd period - Stopped by Miika Kiprusoff without a rebound.
17:54 of 3rd period - Jamie Lundmark wins face-off versus Andrew Ebbett in Blue Jackets zone.
17:57 of 3rd period - Wrist shot by Michel Ouellet.
17:57 of 3rd period - Stopped by Miika Kiprusoff with a rebound.
17:59 of 3rd period - Slapshot by Tomas Kloucek.
17:59 of 3rd period - Deflect By Adam Deadmarsh.
17:59 of 3rd period - Stopped by Miika Kiprusoff with a rebound.
18:05 of 3rd period - Snap shot by Chris Dingman.
18:05 of 3rd period - Shot Blocked by Kevin Bieksa.
18:07 of 3rd period - Snap shot by Chris Dingman.
18:07 of 3rd period - Stopped by Miika Kiprusoff without a rebound.
18:08 of 3rd period - Yan Stastny wins face-off versus Blake Wheeler in Blue Jackets zone.
18:24 of 3rd period - Blake Wheeler is hit by Yan Stastny and loses puck.
18:45 of 3rd period - Minor Penalty to Chris Dingman for Hooking.
18:46 of 3rd period - Jamie Lundmark wins face-off versus Marc Savard in Canadiens zone.
19:01 of 3rd period - Blue Jackets, Miika Kiprusoff is pulled from the net.
Output by the SimonT Hockey Simulator (STHS) for François Prévost -- Original Page W3C XHTML 1.0 Valid